 Seeded DCSS version 0.29-a0-1023-g6ae1a4a2c7 (webtiles) character file.

Game seed: 6155037152212704371 (custom seed)

25 mathmaestro the Grave Robber (level 2, -2/20 HPs)
             Began as a Demonspawn Necromancer on Aug 11, 2022.
             Slain by Sigmund
             ... wielding a +0 scythe
              (7 damage)
             ... on level 3 of the Dungeon.
             The game lasted 00:02:25 (1953 turns).

mathmaestro the Grave Robber (DsNe)                 Turns: 1953, Time: 00:02:25

Health: -2/20      AC:  3    Str:  8    XL:     2   Next: 86%
Magic:  5/5        EV: 11    Int: 16    God:
Gold:   86         SH:  3    Dex: 13    Spells: 4/5 levels left

rFire   . . .      SeeInvis .   i - +0 dagger (venom)
rCold   . . .      Faith    .   d - +0 buckler
rNeg    . . .      Spirit   .   a - +0 robe
rPois   .          Reflect  .   (no helmet)
rElec   .          Harm     .   g - +0 cloak
rCorr   .          Rampage  .   (no gloves)
Will    .....                   (no boots)
Stlth   ++........              (no amulet)
HPRegen 0.06/turn               (no ring)
MPRegen 0.18/turn               (no ring)

@: no status effects
A: magic regeneration
a: no special abilities


You were on level 3 of the Dungeon.
You visited 1 branch of the dungeon, and saw 3 of its levels.

You collected 86 gold pieces.

Inventory:

Hand Weapons
 i - a +0 dagger of venom (weapon)
 q - a +0 hand axe
 s - a +0 dagger of distortion
Armour
 a - a +0 robe (worn)
 d - a +0 buckler (worn)
 g - a +0 cloak (worn)
Scrolls
 c - 2 scrolls of silence {unknown}
 e - a scroll of teleportation {unknown}
 f - a scroll of vulnerability {unknown}
 k - a scroll of poison {unknown}
 l - a scroll of fear {unknown}
 m - 2 scrolls of magic mapping {unknown}
 n - a scroll of identify {unknown}
 p - a scroll of amnesia {unknown}
Potions
 b - a potion of magic
 h - a potion of degeneration {unknown}
 j - a potion of attraction {unknown}
 o - a potion of haste
 r - a potion of brilliance {unknown}
 t - a potion of curing {unknown}


   Skills:
 + Level 0.9 Fighting
 - Level 2.0 Dodging
 - Level 2.0 Stealth
 + Level 0.6 Shields
 + Level 2.3 Spellcasting
 + Level 4.6 Necromancy


You had 4 spell levels left.
You knew the following spells:

 Your Spells              Type           Power      Damage    Failure   Level
a - Necrotise             Necr           64%        1d7       4%          1

Your spell library contained the following spells:

 Spells                   Type           Power      Damage    Failure   Level
 Vampiric Draining        Necr           16%        2d7       12%         3
 Magic Dart               Conj           4%         1d3       28%         1
 Summon Small Mammal      Summ           4%         N/A       28%         1
 Call Imp                 Summ           1%         N/A       38%         2
 Animate Dead             Necr           16%        N/A       38%         4
 Call Canine Familiar     Summ           1%         N/A       63%         3
 Mephitic Cloud           Conj/Pois/Air  1%         N/A       63%         3
 Summon Guardian Golem    Hex/Summ       1%         N/A       63%         3
 Agony                    Necr           16%        N/A       75%         5


Dungeon Overview and Level Annotations

Branches:
Dungeon (3/15)

Altars:

Annotations:
D:3 Sigmund


Innate Abilities, Weirdness & Mutations

You regenerate magic rapidly.


Message History

You swap places.
Found a book of Callings.
A rat comes into view.
Casting: Necrotise (safe; 4% risk of failure)
Confirm with . or Enter, or press ? or * to list all spells.
Aiming: Necrotise (safe; 4% risk of failure)
Press: ? - help, Shift-Dir - straight line, f - rat
Aim: a rat (chance to affect: 86%)
The rat writhes in agony.
You kill the rat!
The dead are walking!
You swap places.
Sigmund the Dreaded comes into view.
He is wielding a +0 scythe.
Found a sling.
Casting: Necrotise (safe; 4% risk of failure)
Confirm with . or Enter, or press ? or * to list all spells.
You can't see any susceptible monsters within range! (Use Z to cast anyway.) Unknown command.
Casting: Necrotise (safe; 4% risk of failure)
Confirm with . or Enter, or press ? or * to list all spells.
Aiming: Necrotise (safe; 4% risk of failure)
Press: ? - help, Shift-Dir - straight line, f - Sigmund
Aim: Sigmund, wielding a +0 scythe and wearing a +0 robe (asleep, ally target, chance to affect: 80%) Sigmund shouts!
Sigmund writhes in agony.
Sigmund mumbles some strange words.
Sigmund flickers and vanishes!
Deactivating autopickup; reactivate with Ctrl-A.
You are confused.
Something hits you!
Ouch! That really hurt!
You feel less confused. You block something's attack.
Something hits you but does no damage.
You hit something. You hit something. Something hits you.
* * * LOW HITPOINT WARNING * * *
You barely miss something.
Your kobold skeleton crumbles into dust!
Something hits you!
You die...

.. .. #.#.#.## .. #..#
#.#.#). # .. #..#
#.#.#.##.#
##+######..####.#......#
........................
.....:.................#
...<.............{..#
................@...#
...............Z....#
....................#
....................#
......................
....................###
......................
....................#.
.....................


You could see a friendly rat skeleton.

Vanquished Creatures
  2 ball pythons
  A bat (D:2)
  2 endoplasms (D:1)
  A giant cockroach (D:1)
  3 hobgoblins
  3 quokkas
  3 goblins
  5 kobolds
  2 rats
22 creatures vanquished.

Notes
Turn   | Place    | Note
-------+----------+-------------------------------------------
     0 | D:1      | mathmaestro the Demonspawn Necromancer began the quest for
                  | the Orb.
     0 | D:1      | Reached XP level 1. HP: 13/13 MP: 3/3
   714 | D:1      | Gained mutation: You regenerate magic rapidly. [demonic
                  | ancestry]
   714 | D:1      | Reached XP level 2. HP: 16/20 MP: 0/5
  1940 | D:3      | Noticed Sigmund
  1953 | D:3      | Slain by Sigmund

Illustrated notes

Levels and vault maps discovered:
D:1:      amcnicky_arrival_underground_garden, layout_loops_ring
D:2:      layout_loops_cross
D:3:      minmay_spotlight, layout_basic,
          shapermc_ecumenical_altar_starsandcircs, serial_shops, shop,
          uniq_sigmund

Skill      XL: |  1  2 |
---------------+-------+-----
Stealth        | 2 |  2.0
Dodging        | 2 |  2.0
Fighting       | |  0.9
Shields        | |  0.6
Spellcasting   | |  2.3
Necromancy     | |  4.6

Action                   || total
-------------------------++-------
Melee: Dagger            ||    29
 Cast: Necrotise         ||    22
 Stab: Sleeping          ||     3
Armor: Robe              ||     7
Dodge: Dodged            ||    13
Block: Buckler           ||     7

Table legend: (Time is in decaauts)
 A = Elapsed time spent in this place.
 B = Non-inter-level travel time spent in this place.
 C = Inter-level travel time spent in this place.
 D = Time resting spent in this place.
 E = Time spent auto-exploring this place.
 F = Levels seen in this place.
 G = Mean time per level.
                   A        B        C        D        E       F      G
               +--------+--------+--------+--------+--------+-----+--------+
         Total |   1951 |   1888 |     63 |    344 |   1278 |   3 |  650.3 |
       Dungeon |   1951 |   1888 |     63 |    344 |   1278 |   3 |  650.3 |
               +--------+--------+--------+--------+--------+-----+--------+

Top non-repeatable levels by time:
     D:1: 995 daAuts
     D:2: 826 daAuts
     D:3: 130 daAuts
